 Dungeon Crawl Stone Soup version 0.28.0-43-g3370ac3207 (webtiles) character file.

Game seed: 12158876652470853164

117 zeram the Sneak (level 4, -3/22 HPs)
             Began as a Spriggan Brigand on Mar 6, 2022.
             Slain by an ogre
             ... wielding a +0 giant club
              (25 damage)
             ... on level 3 of the Dungeon.
             The game lasted 00:04:22 (3461 turns).

zeram the Sneak (Spriggan Brigand)                  Turns: 3461, Time: 00:04:23

Health: -3/22      AC:  3    Str:  7    XL:     4   Next: 71%
Magic:  5/5        EV: 17    Int: 14    God:
Gold:   128        SH:  0    Dex: 16    Spells: 3/3 levels left

rFire   . . .      SeeInvis +   a - +2 dagger
rCold   . . .      Faith    .   (no shield)
rNeg    . . .      Spirit   .   b - +0 robe
rPois   .          Reflect  .   (helmet restricted)
rElec   .          Harm     .   c - +0 cloak
rCorr   .          Rampage  .   (gloves unavailable)
Will    .....                   (boots unavailable)
Stlth   ++++......              (no amulet)
HPRegen 0.07/turn               (no ring)
MPRegen 0.09/turn               (no ring)

@: very quick
A: very small, no large weapons, unfitting armour, see invisible, speed 3
a: no special abilities


You were on level 3 of the Dungeon.
You visited 1 branch of the dungeon, and saw 3 of its levels.

You collected 128 gold pieces.

Inventory:

Hand Weapons
 a - a +2 dagger (weapon)
Missiles
 d - 7 poisoned darts (quivered)
 e - 2 curare-tipped darts
Armour
 b - a +0 robe (worn)
 c - a +0 cloak (worn)
Jewellery
 h - a ring of wizardry
Scrolls
 f - a scroll of holy word
Potions
 g - a potion of brilliance
 j - a potion of ambrosia {unknown}


   Skills:
 - Level 1.5 Fighting
 + Level 3.7 Short Blades
 - Level 2.0 Throwing
 + Level 2.8 Dodging
 + Level 7.7 Stealth


You had 3 spell levels left.
You didn't know any spells.
Your spell library was empty.

Dungeon Overview and Level Annotations

Branches:
Dungeon (3/15)

Altars:
Ru


Innate Abilities, Weirdness & Mutations

You are very small and have problems with some larger weapons.
You are too small for most types of armour.
You have supernaturally acute eyesight. (SInv)
You cover ground extremely quickly. (Speed+++)


Message History

The ogre is lightly wounded.
Throw: 12 darts (poison)
Press: ? - help, Q - select action, (/) - cycle Shift-Dir - straight line, f/p - ogre
Aim: an ogre, wielding a +0 giant club (lightly wounded, very poisoned, 75% to hit)
You throw a poisoned dart. The poisoned dart hits the ogre.
The ogre looks even sicker.
The ogre is lightly wounded.
Throw: 11 darts (poison)
Press: ? - help, Q - select action, (/) - cycle Shift-Dir - straight line, f/p - ogre
Aim: an ogre, wielding a +0 giant club (moderately wounded, very poisoned, 75% to hit)
You throw a poisoned dart.
The poisoned dart completely misses the ogre.
Throw: 10 darts (poison)
Press: ? - help, Q - select action, (/) - cycle Shift-Dir - straight line, f/p - ogre
Aim: an ogre, wielding a +0 giant club (moderately wounded, very poisoned, 75% to hit)
You throw a poisoned dart. The poisoned dart hits the ogre.
The ogre looks even sicker.
The ogre is moderately wounded.
Throw: 9 darts (poison)
Press: ? - help, Q - select action, (/) - cycle Shift-Dir - straight line, f/p - ogre
Aim: an ogre, wielding a +0 giant club (moderately wounded, very poisoned, 75% to hit)
You throw a poisoned dart. The poisoned dart hits the ogre.
The ogre looks as sick as possible!
The ogre is moderately wounded.
Throw: 8 darts (poison)
Press: ? - help, Q - select action, (/) - cycle Shift-Dir - straight line, f/p - ogre
Aim: an ogre, wielding a +0 giant club (heavily wounded, extremely poisoned, 75% to hit)
You throw a poisoned dart. The poisoned dart hits the ogre.
The ogre looks as sick as possible!
The ogre is heavily wounded.
You barely miss the ogre.
The ogre is heavily wounded.
You hit the ogre.
The ogre is heavily wounded.
The ogre barely misses you.
You hit the ogre.
The ogre is heavily wounded.
The ogre hits you with a +0 giant club!!
Ouch! That really hurt!
You die...

#######...##.. ... ..#
.........(##.####.####.#
###........#.# ......#.#
#.#####.##.#.##.##.#.#
r. #(.#.#.#...#.#.### ##
#........_.......#
#(##.#.#...#.#.#.#
#O##.#.##÷##.#.#..
#@##.#.......#.#.#
#.##.####.####†#.#
#.##...........#.#
#.#######.######.# #.#
#.......# #.# #.#
##.....## #.# ..#
##...## #.# ### ##.##
#.# #....# #.#


You could see an ogre (extremely poisoned).

Vanquished Creatures
  A hound skeleton (D:2)
  3 adders
  3 worms (D:2)
  4 endoplasms
  3 giant cockroaches
  7 goblins
  6 hobgoblins
  10 jackals
  7 quokkas
  6 bats
  3 frilled lizards
  3 kobolds
  4 rats
60 creatures vanquished.

Notes
Turn   | Place    | Note
-------+----------+-------------------------------------------
     0 | D:1      | zeram the Spriggan Brigand began the quest for the Orb.
     0 | D:1      | Reached XP level 1. HP: 10/10 MP: 2/2
    92 | D:1      | Reached skill level 6 in Stealth
   180 | D:1      | Reached XP level 2. HP: 14/14 MP: 3/3
   354 | D:1      | Found a faded altar of an unknown god.
  1153 | D:2      | Reached skill level 7 in Stealth
  1170 | D:2      | Reached XP level 3. HP: 18/18 MP: 4/4
  2462 | D:2      | Reached XP level 4. HP: 10/22 MP: 5/5
  3096 | D:3      | Found a sacrificial altar of Ru.
  3428 | D:3      | Noticed an ogre
  3461 | D:3      | Slain by an ogre

Illustrated notes

Levels and vault maps discovered:
D:1:      dpeg_arrival_arbitrary_a, layout_basic,
          hellmonk_ecumenical_altar_pennies_from_heaven
D:2:      layout_loops_ring, nrook_mini_vaults
D:3:      layout_loops_ring, nicolae_ru_sacrificial_ziggurat,
          kennysheep_okawaru_gauntlet, fedhas_altar_3, grunt_ministairs_13,
          eino_tiny_chamber, minmay_fractal_squares_diagonal_5

Skill      XL: |  1  2  3 |
---------------+----------+-----
Stealth        | 6 7 |  7.7
Dodging        | 2 |  2.8
Short Blades   | 3 |  3.7
Fighting       | |  1.5
Throwing       | |  2.0

Action                   |  1- 3 |  4- 6 || total
-------------------------+-------+-------++-------
Melee: Dagger            |   224 |    38 ||   262
       Punch             |     3 |       ||     3
Throw: Dart              |     2 |     8 ||    10
  Use: Scroll            |     4 |     2 ||     6
 Stab: Sleeping          |    12 |     6 ||    18
Armor: Robe              |    20 |     4 ||    24
Dodge: Dodged            |   149 |    24 ||   173
